 Dungeon Crawl Stone Soup version 0.28-a0-919-g0b5b508569 (webtiles) character file.

Game seed: 12767122790255081748

9339 lunkers the Slicer (level 11, 0/62 HPs)
             Began as a Vine Stalker Brigand on Nov 25, 2021.
             Constricted to death by an anaconda simulacrum (1 damage)
             ... in an ice cave.
             The game lasted 00:15:52 (8979 turns).

lunkers the Slicer (Vine Stalker Brigand)           Turns: 8979, Time: 00:15:52

Health: 0/62       AC: 16    Str: 16    XL:     11   Next: 44%
Magic:  0/12       EV: 10    Int: 13    God:
Gold:   368        SH: 11    Dex: 20    Spells: 10/10 levels left

rFire   x . .      SeeInvis +   D - +2 short sword (flame)
rCold   + . .      Faith    .   G - +0 buckler
rNeg    . . .      Spirit   +   i - +1 swamp dragon scales
rPois   +          Reflect  +   l - +0 helmet
rElec   .          Harm     .   S - +2 cloak {Will+}
rCorr   .          Rampage  .   A - +0 pair of gloves
Will    ++...                   R - +0 pair of boots
Stlth   ++........              r - amulet "Xeopuz Lasa" {Reflect Fragile Str+3 Int+2 SH+5 SInv}
HPRegen 1.00/turn               L - ring of poison resistance
MPRegen 0.13/turn               N - ring of ice

@: constricted
A: fangs 3, regeneration 1, magic shield, antimagic bite, no potion heal 2
a: no special abilities


You were in an ice cave.
You visited 3 branches of the dungeon, and saw 11 of its levels.
You also visited: Sewer and Ice Cave.

You collected 368 gold pieces.

Inventory:

Hand Weapons
 a - a +2 dagger
 b - a +2 dagger of draining
 c - a +1 dagger of chaos
 y - a +4 short sword
 D - a +2 short sword of flaming (weapon)
 T - a +3 dagger of flaming
Missiles
 d - 19 poisoned darts
 e - 10 curare-tipped darts
 m - 2 throwing nets
 w - 2 datura-tipped darts
Armour
 i - +1 swamp dragon scales (worn)
 l - a +0 helmet (worn)
 A - a +0 pair of gloves (worn)
 G - a +0 buckler (worn)
 R - a +0 pair of boots (worn)
 S - a +2 cloak of willpower (worn)
Jewellery
 r - the amulet "Xeopuz Lasa" (around neck) {Reflect Fragile Str+3 Int+2 SH+5 SInv}
   (You acquired it on level 5 of the Dungeon)

   [amulet of reflection]

   It reflects blocked missile attacks.
   Str:       It affects your strength (+3).
   Int:       It affects your intelligence (+2).
   SInv:      It lets you see invisible.
   Fragile:   It will be destroyed if unequipped.
   SH:        It affects your SH (+5).
 x - a ring of fire
 z - a ring of fire
 L - a ring of poison resistance (left hand)
 M - a ring of wizardry
 N - a ring of ice (right hand)
 Q - a +6 ring of intelligence
 U - a ring of protection from cold
Wands
 h - a wand of paralysis (7)
 n - a wand of iceblast (1)
 u - a wand of flame (14)
 H - a wand of mindburst (24)
 P - a wand of polymorph (5)
Scrolls
 j - 3 scrolls of magic mapping
 s - a scroll of summoning {unknown}
 t - 3 scrolls of fog
 v - 2 scrolls of teleportation
 I - a scroll of amnesia {unknown}
 J - a scroll of brand weapon {unknown}
 K - a scroll of torment {unknown}
Potions
 f - 8 potions of curing
 g - a potion of lignification
 k - a potion of brilliance
 p - 4 potions of attraction
 q - 3 potions of flight
 B - 2 potions of ambrosia
 C - 2 potions of mutation
 E - a potion of might
 F - a potion of invisibility
Miscellaneous
 o - a phantom mirror


   Skills:
 + Level 9.3 Fighting
 - Level 9.4 Short Blades
 - Level 4.0 Throwing
 + Level 4.4 Armour
 + Level 4.5 Dodging
 - Level 4.8 Stealth
 - Level 4.0 Shields
 * Level 3.3 Evocations


You had 10 spell levels left.
You didn't know any spells.
Your spell library contained the following spells:

 Spells                   Type           Power      Damage    Failure   Level
 Apportation              Tloc           0%         N/A       50%         1
 Freeze                   Ice            0%         1d3       50%         1
 Summon Small Mammal      Summ           0%         N/A       50%         1
 Corpse Rot               Necr/Air       0%         N/A       63%         2
 Call Canine Familiar     Summ           0%         N/A       86%         3
 Frozen Ramparts          Ice            0%         1d2       86%         3
 Summon Guardian Golem    Hex/Summ       0%         N/A       86%         3
 Dispel Undead            Necr           0%         3d6       99%         4
 Hailstorm                Conj/Ice       0%         3d3       99%         4
 Alistair's Intoxication  Tmut/Pois      0%         N/A       100%        5
 Death Channel            Necr           0%         N/A       100%        6


Dungeon Overview and Level Annotations

Branches:
Dungeon (9/15)             Temple (1/1) D:7            Lair (1/6) D:9
    Orc (0/2) D:9           Sewer (visited)           IceCv (1/1)

Altars:
Ashenzari
Cheibriados
Dithmenos
Elyvilon
Fedhas
Gozag
Hepliaklqana
Kikubaaqudgha
Makhleb
Nemelex Xobeh
Okawaru
Qazlal
Ru
Sif Muna
Trog
Uskayaw
Vehumet
Wu Jian
Xom
Yredelemnul
Zin
The Shining One

Shops:
D:5 *   D:8 (


Innate Abilities, Weirdness & Mutations

You have razor-sharp teeth.
Your natural rate of healing is unusually fast.
When hurt, damage is shared between your health and your magic reserves.
Your bite disrupts and absorbs the magic of your enemies.
Potions cannot restore your health.


Message History

The anaconda simulacrum freezes you. You resist.
* * * LOW HITPOINT WARNING * * *
The anaconda simulacrum constricts you.
You escape the anaconda simulacrum's grasp.
Okay, then.
Okay, then.
Press: ? - help, v - describe, . - travel
Here: an anaconda simulacrum (moderately damaged)
An open door, spattered with blood.
Unknown command.
You closely miss the anaconda simulacrum.
The anaconda simulacrum is moderately damaged.
You block the anaconda simulacrum's attack.
The anaconda simulacrum bites you.
* * * LOW HITPOINT WARNING * * *
The anaconda simulacrum freezes you. You resist.
* * * LOW HITPOINT WARNING * * *
You hit the anaconda simulacrum.
You melt the anaconda simulacrum.
The anaconda simulacrum is heavily damaged.
You block the anaconda simulacrum's attack.
The anaconda simulacrum bites you but does no damage.
You hit the anaconda simulacrum.
You melt the anaconda simulacrum.
You bite the anaconda simulacrum. You drain its power.
You feel invigorated.
The anaconda simulacrum is severely damaged.
The anaconda simulacrum grabs you. The anaconda simulacrum bites you.
* * * LOW HITPOINT WARNING * * *
The anaconda simulacrum freezes you! You resist.
* * * LOW HITPOINT WARNING * * *
The anaconda simulacrum constricts you.
* * * LOW HITPOINT WARNING * * *
You barely miss the anaconda simulacrum.
The anaconda simulacrum is severely damaged.
The anaconda simulacrum bites you.
* * * LOW HITPOINT WARNING * * *
The anaconda simulacrum freezes you! You resist.
* * * LOW MAGIC WARNING * * *
* * * LOW HITPOINT WARNING * * *
The anaconda simulacrum constricts you.
* * * LOW MAGIC WARNING * * *
You die...

#⌠)##'##
##+#...#
#...#
###...###
#.#...#.#
###'#...#'#
#°'.......+
###.8...8.#
#.Z@......+
###.8...8.#
...........
###.8...8.###
+.......+
#.8...8.#
+.......+
####+####


You could see an anaconda simulacrum.

Vanquished Creatures
  Erica (D:9)
  Maurice (D:9)
  2 ice statues (IceCv)
  Joseph (Lair:1)
  An unseen horror (D:6)
  Maggie (D:6)
  Psyche (D:9)
  A komodo dragon (Lair:1)
  An entropy weaver simulacrum (IceCv)
  An ice devil (IceCv)
  A troll (D:9)
  Sigmund (D:2)
  A wyvern (D:9)
  A dire elephant simulacrum (IceCv)
  7 yaks
  A harpy simulacrum (IceCv)
  6 water moccasins
  Duvessa (D:5)
  6 orc warriors
  4 black bears
  2 sky beasts
  An ice beast (D:8)
  3 ogres
  A necrophage (D:4)
  4 centaurs
  2 kobold brigands
  A wyvern zombie (D:6)
  Blork the orc (D:4)
  3 bullfrogs
  A gnoll sergeant (D:6)
  A cane toad simulacrum (IceCv)
  Dowan (D:5)
  A howler monkey (D:8)
  An electric eel (D:9)
  A bullfrog zombie (D:6)
  2 centaur zombies
  3 orc priests
  A hound (D:5)
  2 centaur skeletons
  Ijyb (D:4)
  6 orc wizards
  3 iguanas
  A troll simulacrum (IceCv)
  2 wolf simulacra (IceCv)
  A howler monkey zombie (D:6)
  Robin (D:2)
  A howler monkey skeleton (D:4)
  5 adders
  12 gnolls
  A river rat (Sewer)
  A shadow imp (D:5)
  A white imp (IceCv)
  An adder skeleton (D:3)
  3 worms
  A dart slug (D:3)
  37 orcs
  7 ball pythons
  A bat (D:3)
  5 endoplasms
  4 giant cockroaches
  12 goblins
  6 hobgoblins
  3 jackals
  2 quokkas
  2 ball python skeletons (D:3)
  3 frilled lizards (D:1)
  8 kobolds
  A quokka zombie (D:3)
  6 rats
  A spectral kobold (D:4)
211 creatures vanquished.

Vanquished Creatures (others)
  An orc priest (D:9)
  A fungus (Lair:1)
  3 plants (D:4)
5 creatures vanquished.

Grand Total: 216 creatures vanquished

Notes
Turn   | Place    | Note
-------+----------+-------------------------------------------
     0 | D:1      | lunkers the Vine Stalker Brigand began the quest for the
                  | Orb.
     0 | D:1      | Reached XP level 1. HP: 11/11 MP: 2/2
   582 | D:1      | Reached XP level 2. HP: 15/15 MP: 3/3
  1281 | D:2      | Noticed Sigmund
  1282 | D:2      | Found a faded altar of an unknown god.
  1287 | D:2      | Killed Sigmund
  1288 | D:2      | Reached XP level 3. HP: 6/20 MP: 0/4
  1288 | D:2      | Gained mutation: Your natural rate of healing is unusually
                  | fast. [Vine Stalker growth]
  1288 | D:2      | Reached XP level 4. HP: 7/24 MP: 0/5
  1288 | D:2      | Reached XP level 5. HP: 8/28 MP: 0/6
  1625 | D:2      | Noticed Robin
  1727 | D:2      | Killed Robin
  2258 | D:3      | Found a glowing drain.
  2274 | Sewer    | Entered a sewer
  2287 | Sewer    | Reached XP level 6. HP: 24/32 MP: 5/7
  2394 | Sewer    | Reached skill level 5 in Short Blades
  2434 | Sewer    | Found a white marble altar of Elyvilon.
  2832 | D:4      | Noticed a necrophage
  2916 | D:4      | Noticed Blork the orc
  2922 | D:4      | Killed Blork the orc
  2978 | D:4      | Killed a necrophage
  2979 | D:4      | Reached XP level 7. HP: 25/37 MP: 6/8
  3205 | D:4      | Noticed Ijyb
  3224 | D:4      | Killed Ijyb
  3378 | D:4      | Found a hazy altar of Hepliaklqana.
  4005 | D:5      | Entered Level 5 of the Dungeon
  4007 | D:5      | Identified a scroll of acquirement
  4007 | D:5      | Acquired the amulet "Xeopuz Lasa" {Reflect Fragile Str+3
                  | Int+2 SH+5 SInv}
  4162 | D:5      | Gained mutation: You have razor-sharp teeth. [Vine Stalker
                  | growth]
  4162 | D:5      | Reached XP level 8. HP: 21/42 MP: 4/9
  4213 | D:5      | Found Miarhoaq's General Store.
  4289 | D:5      | Noticed Duvessa
  4290 | D:5      | Noticed Dowan
  4292 | D:5      | Killed Dowan
  4293 | D:5      | Reached skill level 5 in Fighting
  4296 | D:5      | Killed Duvessa
  4674 | D:6      | Noticed an unseen horror
  4681 | D:6      | Killed an unseen horror
  4696 | D:6      | Noticed Maggie
  4718 | D:6      | Killed Maggie
  4719 | D:6      | Reached XP level 9. HP: 26/49 MP: 1/10
  4848 | D:6      | Reached skill level 1 in Dodging
  4949 | D:6      | Reached skill level 1 in Armour
  5703 | D:7      | Found a staircase to the Ecumenical Temple.
  5746 | Temple   | Entered the Ecumenical Temple
  6196 | D:7      | Reached skill level 1 in Shields
  6697 | D:8      | Reached XP level 10. HP: 56/56 MP: 11/11
  6813 | D:8      | Found Iliarhex's Firing Range.
  7489 | D:9      | Noticed Maurice
  7494 | D:9      | Killed Maurice
  7502 | D:9      | Identified the +2 robe "Nihamiox" {Harm Will+ Int+5}
  7550 | D:9      | Noticed Psyche
  7563 | D:9      | Killed Psyche
  7608 | D:9      | Found a staircase to the Lair.
  7838 | D:9      | Noticed Erica
  7841 | D:9      | Killed Erica
  8099 | D:9      | Found a staircase to the Orcish Mines.
  8260 | Lair:1   | Entered Level 1 of the Lair of Beasts
  8297 | Lair:1   | Noticed Joseph
  8303 | Lair:1   | Killed Joseph
  8304 | Lair:1   | Reached skill level 1 in Evocations
  8304 | Lair:1   | Reached XP level 11. HP: 62/62 MP: 12/12
  8563 | Lair:1   | Found a frozen archway.
  8609 | IceCv    | Entered an ice cave
  8979 | IceCv    | HP: 1/62 [anaconda simulacrum (7)]
  8979 | IceCv    | Constricted to death by an anaconda simulacrum

Illustrated notes

Levels and vault maps discovered:
D:1:      nzn_arrival_depleted_hourglass, layout_loops_ring
D:2:      layout_basic, chequers_ecumenical_altar_simple, uniq_robin,
          uniq_sigmund
D:3:      layout_loops_ring, cheibrodos_sewer_entry_drain, serial_undead,
          serial_undead_c, serial_undead_d, serial_undead_f, serial_undead_a
D:4:      layout_loops_corners, nicolae_hepliaklqana_monster_ancestors,
          serial_bayou, serial_bayou_pond_b, serial_bayou_crossing,
          serial_bayou_pond_a, serial_bayou_pond_d, kennysheep_generic_room_15,
          uniq_blork_the_orc, uniq_ijyb
D:5:      layout_basic, serial_shops, nicolae_take_the_stairs, uniq_duvessa
D:6:      layout_basic, uniq_maggie
D:7:      layout_cave_pods, minmay_temple_entry_slanted
D:8:      layout_basic, nicolae_shop_firing_range
D:9:      layout_gridville, david_lair_generic, erik_orc_2, uniq_maurice,
          uniq_erica, uniq_psyche
Temple:   kilobyte_greek_temple
Lair:1:   layout_cave_pods, portal_ice_cave_entry_pillars_1,
          bh_autumn_forest_stairs, uniq_joseph, uniq_sonja
IceCv:    ice_cave_tombish

Skill      XL: |  1  2  3  4  5  6  7  8  9 10 11 |
---------------+----------------------------------+-----
Short Blades   | 2 4 5 6 8 9 |  9.4
Fighting       | 2 3 4 6 8 9 |  9.3
Dodging        | 2 4 |  4.5
Throwing       | 3 4 |  4.0
Armour         | 2 3 4 |  4.4
Shields        | 1 3 4 |  4.0
Evocations     | 1 3 |  3.3
Stealth        | |  4.8

Action                   |  1- 3 |  4- 6 |  7- 9 | 10-12 || total
-------------------------+-------+-------+-------+-------++-------
Melee: Dagger            |    36 |   191 |   346 |   334 ||   907
       Bite              |     8 |    56 |   105 |   232 ||   401
       Short sword       |       |       |       |   117 ||   117
Throw: Dart              |       |     1 |     3 |     2 ||     6
Evoke: Wand              |       |       |     4 |     1 ||     5
  Use: Scroll            |       |     5 |     6 |     4 ||    15
       Potion            |       |       |     3 |       ||     3
 Stab: Sleeping          |     6 |    12 |     9 |     7 ||    34
       Distracted        |       |       |     2 |       ||     2
Armor: Robe              |     2 |    27 |    12 |       ||    41
       Skin              |       |       |    69 |       ||    69
       Swamp dragon scal |       |       |    44 |    99 ||   143
Dodge: Dodged            |    16 |    62 |    95 |    95 ||   268
Block: Other             |       |       |    41 |       ||    41
       Buckler           |       |       |    13 |   138 ||   151
       Reflection        |       |       |       |     4 ||     4

Table legend: (Time is in decaauts)
 A = Elapsed time spent in this place.
 B = Non-inter-level travel time spent in this place.
 C = Inter-level travel time spent in this place.
 D = Time resting spent in this place.
 E = Time spent auto-exploring this place.
 F = Levels seen in this place.
 G = Mean time per level.
                   A        B        C        D        E       F      G
               +--------+--------+--------+--------+--------+-----+--------+
         Total |   8664 |   8233 |    431 |    183 |   6133 |  13 |  666.5 |
       Dungeon |   7685 |   7292 |    393 |    115 |   5642 |   9 |  853.9 |
        Temple |    149 |    112 |     37 |      0 |    108 |   1 |  149.0 |
          Lair |    310 |    310 |      0 |      0 |    197 |   1 |  310.0 |
         Sewer |    223 |    223 |      0 |      0 |    135 |   1 |  223.0 |
      Ice Cave |    295 |    295 |      0 |     68 |     50 |   1 |  295.0 |
               +--------+--------+--------+--------+--------+-----+--------+

Top non-repeatable levels by time:
     D:1: 1273 daAuts
     D:4: 1106 daAuts
     D:7: 994 daAuts
     D:6: 788 daAuts
     D:8: 775 daAuts
     D:2: 763 daAuts
     D:9: 715 daAuts
     D:5: 646 daAuts
     D:3: 620 daAuts
  Lair:1: 310 daAuts
   IceCv: 295 daAuts
   Sewer: 223 daAuts
  Temple: 149 daAuts
